AoeStats
← Attila the Pun

Arabia

503319263Analyzed
1v1 RM · 1mo ago on Aug 31, 2026· 28m 53s· 2 players
Game mode
Random Map
Map size
Tiny (2 player)
Population
200
Speed
Normal
Resources
Standard
Victory
Conquest
Starting age
Dark Age
Ending age
Imperial Age
RankedLock teamsTeams togetherTeam positionsShared explorationLock speedFull tech treeHidden civsTurbo modeCheats
Victory
Defeat
🇦🇷 Goths · Argentina
785
+19
🇺🇸 Berbers · United States
854
-19
mailalgo1
0:28 Loom
11:52 Feudal Age
11:58 Man-at-Arms
14:03 Fletching
31:29 Castle Age
Attila the Pun
7:47 Loom
10:56 Feudal Age
12:32 Double-Bit Axe
15:32 Fletching
25:32 Castle Age
Connection lost

Rejoining the realm…

Still unreachable

The connection could not be restored.

Session expired

The server has moved on; the page needs a fresh start.